 Dungeon Crawl Stone Soup version 0.21.1-1-g345015fe64 (webtiles) character file.

14490 GoroGoro the Severer (level 11, -7/150 HPs)
             Began as a Minotaur Berserker on May 27, 2018.
             Was a High Priest of Trog.
             Mangled by a 14-headed hydra (8 damage)
             ... on level 11 of the Dungeon.
             The game lasted 01:27:14 (8314 turns).

GoroGoro the Severer (Minotaur Berserker)           Turns: 8314, Time: 01:27:14

Health: -7/150     AC: 28    Str: 31    XL:     11   Next: 89%
Magic:  10/10      EV:  9    Int:  4    God:    Trog [*****.]
Gold:   493        SH:  6    Dex:  9    Spells: 10/10 levels left

rFire    + . .     SeeInvis .   j - +1 war axe
rCold    + . .     Gourm    .   (no shield)
rNeg     . . .     Faith    .   n - +7 plate armour
rPois    .         Spirit   .   (helmet restricted)
rElec    .         Reflect  +   V - scarf {rC+ rF+}
rCorr    .         Harm     .   E - +0 pair of gloves
MR       +++..                  (no boots)
Stlth    ..........             S - +6 amulet of reflection
HPRegen  1.35/turn              s - +5 ring of protection
MPRegen  0.12/turn              H - ring of protection from magic

@: berserking (expiring), regenerating, very quick
A: retaliatory headbutt, horns 2
a: Berserk, Trog's Hand, Brothers in Arms, Burn Spellbooks, Renounce Religion


You were on level 11 of the Dungeon.
You worshipped Trog.
Trog was extremely pleased with you.
You were very hungry.

You visited 3 branches of the dungeon, and saw 13 of its levels.

You collected 769 gold pieces.
You spent 276 gold pieces at shops.

Inventory:

Hand Weapons
 a - a +0 hand axe
 b - a +1 dagger of flaming
 e - a +0 great sword
 f - a +7 flail of protection
 g - a +0 hand axe
 i - a +3 quarterstaff of chaos
 j - a +1 war axe (weapon)
 m - a +0 halberd
 w - the +2 mace "Deecaac" {chaos, rElec MR+ Int-3, unknown}
   (You found it on level 6 of the Dungeon)

   Each time it hits an enemy it has a different, random effect.
   It affects your intelligence (-3).
   It insulates you from electricity.
   It affects your resistance to hostile enchantments.
 B - a +1 hand axe of freezing
 L - a cursed -1 short sword
Armour
 n - a +7 plate armour (worn)
 q - a +0 plate armour
 r - a +0 plate armour of positive energy
 t - a +0 chain mail of cold resistance
 E - a +0 pair of gloves (worn)
 V - a scarf of resistance (worn)
Magical Staves
 k - an uncursed staff of wizardry
Jewellery
 o - an uncursed ring of stealth
 s - a +5 ring of protection (left hand)
 z - an uncursed ring of flight
 H - a ring of protection from magic (right hand)
 N - an uncursed ring of stealth
 S - a +6 amulet of reflection (around neck)
Scrolls
 d - 2 scrolls of identify
 h - a scroll of magic mapping
 l - 3 scrolls of teleportation
 p - 3 scrolls of immolation
 C - 9 scrolls of remove curse
Potions
 u - 2 potions of lignification {unknown}
 v - a potion of degeneration {unknown}
 x - a potion of brilliance {unknown}
 D - a potion of heal wounds {unknown}
 G - 2 potions of invisibility {unknown}
 M - 2 potions of flight {unknown}
 P - a potion of cancellation {unknown}
 R - a potion of resistance {unknown}
 T - a potion of magic {unknown}
Comestibles
 c - 13 rations


   Skills:
 + Level 10.2 Fighting
 - Level 5.9 Long Blades
 * Level 15.3 Axes
 - Level 1.3(10.3) Polearms
 * Level 12.0 Armour
 - Level 3.4 Dodging
 - Level 1.9 Stealth


You had 10 spell levels left.
You didn't know any spells.

Dungeon Overview and Level Annotations

Branches:
Dungeon (11/15)            Temple (1/1) D:6            Lair (1/6) D:8
    Orc (0/2) D:9

Altars:
Ashenzari
Cheibriados
Dithmenos
Elyvilon
Fedhas
Gozag
Hepliaklqana
Kikubaaqudgha
Makhleb
Nemelex Xobeh
Okawaru
Qazlal
Ru
Sif Muna
Trog
Uskayaw
Vehumet
Wu Jian
Xom
Yredelemnul
Zin
The Shining One

Shops:
D:7 ***(


Innate Abilities, Weirdness & Mutations

You reflexively headbutt those who attack you in melee.
You have a pair of horns on your head.


Message History

* * * LOW HITPOINT WARNING * * *
The 14-headed hydra closely misses you.
The 14-headed hydra bites you but does no damage. x2
The 14-headed hydra closely misses you.
The 14-headed hydra bites you but does no damage.
The 14-headed hydra bites you.
* * * LOW HITPOINT WARNING * * *
The 14-headed hydra bites you but does no damage. x2
You block the 14-headed hydra's attack.
There are no items here.
You are too berserk!
You feel a strong urge to attack something.
The 14-headed hydra bites you but does no damage. x2
The 14-headed hydra bites you.
* * * LOW HITPOINT WARNING * * *
The 14-headed hydra bites you but does no damage.
The 14-headed hydra barely misses you.
The 14-headed hydra bites you but does no damage.
The 14-headed hydra bites you!
You die...

...#..........##
##............###
#...............#
##...............
#.............##
#.............#
.............h#
............#D##
...........##.@####
..........####....#
......$..##
#####.(# .......###
.# ....# ....


You could see a 14-headed hydra and a black bear.

Vanquished Creatures
  2 centaur warriors (D:9)
  6 two-headed ogres
  The ghost of Tali the Cleaver, a novice MiFi (D:6)
  Joseph (D:8)
  A gargoyle (D:9)
  Psyche (D:8)
  A komodo dragon (Lair:1)
  Prince Ribbit (D:8)
  A hornet (D:10)
  Sigmund (D:6)
  12 yaks
  A wraith (D:9)
  2 wyverns (D:8)
  A steam dragon (D:10)
  The ghost of Lokiki the Ducker, an amateur DsGl (D:4)
  Edmund (D:4)
  A water moccasin (D:9)
  Duvessa (D:7)
  The ghost of tobi4572 the Sneak, an amateur SpAs of Gozag (D:3)
  2 phantoms
  A swamp drake (D:8)
  3 ice beasts
  A sky beast (D:10)
  2 orc warriors
  2 eyes of draining (D:9)
  A necrophage (D:7)
  4 ogres
  5 centaurs
  2 crocodiles
  5 bullfrogs
  2 big kobolds
  Blork the orc (D:4)
  2 wyvern skeletons
  4 scorpions
  2 water moccasin skeletons (D:10)
  Dowan (D:7)
  3 crimson imps
  A centaur zombie (D:9)
  3 jellies
  A bullfrog zombie (D:10)
  7 orc priests
  6 hounds
  Crazy Yiuf (D:6)
  A gnoll shaman (D:9)
  A bullfrog skeleton (D:4)
  9 orc wizards
  An iguana (D:9)
  5 worker ants
  A hound skeleton (D:4)
  A howler monkey skeleton (D:7)
  A worker ant zombie (D:5)
  4 gnolls (D:10)
  10 adders
  A shadow imp (D:9)
  An adder zombie (D:6)
  2 worms (D:3)
  2 dart slugs (D:1)
  A leopard gecko (D:7)
  44 orcs
  10 giant cockroaches
  7 goblins
  2 hobgoblins (D:1)
  11 jackals
  A quokka (D:8)
  2 ball pythons
  10 bats
  4 frilled lizards
  8 kobolds
  3 leopard gecko skeletons (D:6)
  3 rats
245 creatures vanquished.

Vanquished Creatures (others)
  A centaur (D:9)
1 creature vanquished.

Grand Total: 246 creatures vanquished

Notes
Turn   | Place    | Note
-------+----------+-------------------------------------------
     0 | D:1      | GoroGoro the Minotaur Berserker began the quest for the Orb.
     0 | D:1      | Reached XP level 1. HP: 19/19 MP: 0/0
   111 | D:1      | Reached skill level 4 in Axes
   111 | D:1      | Reached XP level 2. HP: 11/27 MP: 1/1
   475 | D:1      | Reached XP level 3. HP: 30/33 MP: 2/2
   475 | D:1      | Reached ** piety under Trog
   777 | D:2      | Found a hazy altar of Hepliaklqana.
  1118 | D:2      | Found a blossoming altar of Fedhas.
  1167 | D:2      | Found a white marble altar of Elyvilon.
  1180 | D:2      | Reached XP level 4. HP: 41/41 MP: 3/3
  1208 | D:2      | Reached skill level 5 in Axes
  1825 | D:3      | Noticed tobi4572's ghost (amateur SpAs)
  1859 | D:3      | Killed tobi4572's ghost
  1859 | D:3      | Reached XP level 5. HP: 32/47 MP: 4/4
  2175 | D:4      | Noticed Lokiki's ghost (amateur DsGl)
  2177 | D:4      | Reached XP level 6. HP: 55/55 MP: 5/5
  2186 | D:4      | Reached skill level 6 in Axes
  2193 | D:4      | Killed Lokiki's ghost
  2193 | D:4      | Reached skill level 5 in Fighting
  2193 | D:4      | Reached skill level 1 in Polearms
  2645 | D:4      | Noticed Edmund
  2653 | D:4      | Killed Edmund
  2653 | D:4      | Reached skill level 7 in Axes
  2653 | D:4      | Reached skill level 5 in Armour
  2653 | D:4      | Reached XP level 7. HP: 61/61 MP: 6/6
  2732 | D:4      | Found a glowing drain.
  2735 | D:4      | Reached *** piety under Trog
  2924 | D:4      | Noticed Blork the orc
  2930 | D:4      | Killed Blork the orc
  2955 | D:5      | Entered Level 5 of the Dungeon
  2960 | D:5      | Found a hide-covered altar of Uskayaw.
  2962 | D:5      | Found a shimmering altar of Xom.
  3520 | D:5      | Reached skill level 8 in Axes
  3600 | D:5      | Reached XP level 8. HP: 69/69 MP: 7/7
  3855 | D:6      | Noticed Tali's ghost (novice MiFi)
  3876 | D:6      | Killed Tali's ghost
  3876 | D:6      | Reached skill level 9 in Axes
  3884 | D:6      | Reached **** piety under Trog
  3894 | D:6      | Found a runed door.
  3895 | D:6      | Got a jewelled mace
  3931 | D:6      | Noticed Crazy Yiuf
  3937 | D:6      | Killed Crazy Yiuf
  4162 | D:6      | Found a staircase to the Ecumenical Temple.
  4190 | Temple   | Entered the Ecumenical Temple
  4472 | D:6      | Noticed Sigmund
  4479 | D:6      | Killed Sigmund
  4479 | D:6      | Reached skill level 10 in Axes
  4479 | D:6      | Reached XP level 9. HP: 78/78 MP: 8/8
  4540 | D:7      | Found Jiararchuo's Assorted Antiques.
  4542 | D:7      | Bought a potion of curing for 87 gold pieces
  4542 | D:7      | Bought a scroll of remove curse for 87 gold pieces
  4740 | D:7      | Found a basalt altar of Yredelemnul.
  4794 | D:7      | Found Imaich's Assorted Antiques.
  4883 | D:7      | Found a sparkling altar of Nemelex Xobeh.
  4891 | D:7      | Noticed Duvessa
  4891 | D:7      | Noticed Dowan
  4898 | D:7      | Killed Dowan
  4905 | D:7      | Killed Duvessa
  5009 | D:7      | Found Racwerho's Weapon Boutique.
  5153 | D:7      | Reached skill level 11 in Axes
  5430 | D:7      | Found Vyboclis's General Store.
  5445 | D:7      | Bought a +0 great sword for 78 gold pieces
  5445 | D:7      | Bought a scroll of identify for 24 gold pieces
  5526 | D:8      | Reached skill level 1 in Stealth
  5528 | D:8      | Reached skill level 1 in Long Blades
  5540 | D:8      | Found a staircase to the Lair.
  5575 | Lair:1   | Entered Level 1 of the Lair of Beasts
  5575 | Lair:1   | Noticed a komodo dragon
  5583 | Lair:1   | Killed a komodo dragon
  5589 | Lair:1   | Reached ***** piety under Trog
  5601 | Lair:1   | Reached XP level 10. HP: 19/90 MP: 9/9
  5760 | D:8      | Found a glowing golden altar of the Shining One.
  5778 | D:8      | Noticed Joseph
  5792 | D:8      | Killed Joseph
  5792 | D:8      | Reached skill level 5 in Long Blades
  5804 | D:8      | Noticed Psyche
  5808 | D:8      | Killed Psyche
  5946 | D:8      | Found a burning altar of Makhleb.
  5946 | D:8      | Found a radiant altar of Vehumet.
  5971 | D:8      | Noticed Prince Ribbit
  5977 | D:8      | Killed Prince Ribbit
  6526 | D:9      | Reached skill level 10 in Armour
  6561 | D:9      | Reached skill level 12 in Axes
  6678 | D:9      | Found a staircase to the Orcish Mines.
  6678 | D:9      | Noticed a two-headed ogre
  6686 | D:9      | Killed a two-headed ogre
  6887 | D:9      | Noticed a two-headed ogre
  6898 | D:9      | Killed a two-headed ogre
  6898 | D:9      | Reached skill level 13 in Axes
  6898 | D:9      | Reached XP level 11. HP: 97/97 MP: 10/10
  6939 | D:9      | Noticed a centaur warrior
  6967 | D:9      | Killed a centaur warrior
  6986 | D:9      | Noticed a centaur warrior
  7000 | D:9      | Killed a centaur warrior
  7002 | D:9      | Noticed a two-headed ogre
  7019 | D:9      | Killed a two-headed ogre
  7019 | D:9      | Reached skill level 14 in Axes
  7466 | D:9      | Noticed a two-headed ogre
  7474 | D:9      | Killed a two-headed ogre
  7510 | D:9      | Reached skill level 10 in Fighting
  7716 | D:10     | Entered Level 10 of the Dungeon
  7720 | D:10     | Noticed a two-headed ogre
  7735 | D:10     | Killed a two-headed ogre
  7858 | D:10     | Noticed a two-headed ogre
  7872 | D:10     | Killed a two-headed ogre
  7872 | D:10     | Reached skill level 15 in Axes
  8294 | D:11     | Noticed an eight-headed hydra
  8312 | D:11     | HP: 3/150 [14-headed hydra (5)]
  8314 | D:11     | HP: 1/150 [14-headed hydra (3)]
  8314 | D:11     | Mangled by a 14-headed hydra

Skill      XL: |  1  2  3  4  5  6  7  8  9 10 11 |
---------------+----------------------------------+-----
Axes           | 4 5 7 8 10 11 13 15 | 15.3
Fighting       | 4 5 6 8 9 10 | 10.2
Armour         | 3 4 5 6 8 9 10 12 | 12.0
Dodging        | 3 |  3.4
Polearms       | 1 |  1.3
Stealth        | 1 |  1.9
Long Blades    | 3 5 |  5.9

Action                   |  1- 3 |  4- 6 |  7- 9 | 10-12 || total
-------------------------+-------+-------+-------+-------++-------
Melee: Hand axe          |    72 |   110 |   218 |       ||   400
       Headbutt          |     6 |    14 |    55 |    76 ||   151
       Trident           |       |     7 |       |       ||     7
       Great sword       |       |       |    37 |    33 ||    70
       War axe           |       |       |       |   335 ||   335
Invok: Berserk           |     1 |     2 |     6 |     1 ||    10
       Trog's Hand       |       |     1 |       |     2 ||     3
       Burn Spellbooks   |       |       |     1 |     1 ||     2
  Use: Scroll            |       |     7 |    16 |     4 ||    27
       Potion            |       |       |     3 |       ||     3
  Eat: Ration            |     1 |     2 |     4 |     2 ||     9
       Chunk             |       |       |     1 |     2 ||     3
Armor: Animal skin       |     3 |       |       |       ||     3
       Ring mail         |    12 |       |       |       ||    12
       Plate armour      |    17 |    70 |   152 |   238 ||   477
Dodge: Dodged            |    42 |    44 |    92 |   125 ||   303
Block: Other             |       |       |    22 |    92 ||   114
       Reflection        |       |       |       |     9 ||     9
       Rpst.: Great sword |       |       |     9 |     6 ||    15
